 Dungeon Crawl Stone Soup version 0.20-a0-513-g02c11fc (webtiles) character file.

1596 mopl the Carver (level 8, -7/60 HPs)
             Began as a Barachian Fighter on Jan 22, 2017.
             Was a Believer of Cheibriados.
             Mangled by an ogre
             ... wielding a +0 giant spiked club
              (12 damage)
             ... on level 6 of the Dungeon.
             The game lasted 00:12:44 (6908 turns).

mopl the Carver (Barachian Fighter)                 Turns: 6908, Time: 00:12:45

Health: -7/60      AC: 12    Str: 19    XL:     8   Next: 93%
Magic:  9/9        EV:  2    Int: 14    God:    Cheibriados [**....]
Gold:   229        SH:  7    Dex: 15    Spells: 7/7 levels left

rFire    . . .     SeeInvis .   a - +0 long sword
rCold    . . .     Gourm    .   h - +0 plate armour
rNeg     . . .     Faith    +   c - +0 shield
rPois    .         Spirit   .   A - +1 hat
rElec    .         Reflect  .   (no cloak)
rCorr    .         Harm     .   C - +0 pair of gloves
MR       .....                  (no boots)
Stlth    ..........             e - amulet of faith {!P}
Regen    0.2/turn               (no ring)
                                (no ring)

@: very heavily drained, very slow
A: swims, slowness 1, strong legs 1
a: Hop, Bend Time, Renounce Religion


You were on level 6 of the Dungeon.
You worshipped Cheibriados.
Cheibriados was pleased with you.
You were not hungry.

You visited 2 branches of the dungeon, and saw 7 of its levels.

You collected 229 gold pieces.

Inventory:

Hand Weapons
 a - a +0 long sword (weapon)
 b - a +0 blowgun
 t - a +1 dagger of draining
Missiles
 s - 7 javelins (quivered)
 v - 7 poisoned needles
 E - a throwing net
Armour
 c - a +0 shield (worn)
 h - a +0 plate armour (worn)
 A - a +1 hat (worn)
 C - a +0 pair of gloves (worn)
Jewellery
 e - an amulet of faith (around neck) {!P}
Wands
 g - a wand of polymorph (8/24)
Scrolls
 d - a scroll of amnesia {unknown}
 i - a scroll of blinking {unknown}
 k - 4 scrolls of teleportation {unknown}
 m - 2 scrolls of remove curse {unknown}
 p - a scroll of random uselessness {unknown}
 r - 2 scrolls of immolation {unknown}
 u - 2 scrolls of fear {unknown}
 x - a scroll of fog {unknown}
 y - 3 scrolls of enchant armour {unknown}
 B - a scroll of recharging {unknown}
 D - 3 scrolls of magic mapping {unknown}
Potions
 l - 2 potions of heal wounds
 o - a potion of curing
 z - a potion of magic
Comestibles
 f - 7 bread rations
 j - a meat ration
 n - 4 royal jellies
 w - 6 fruits


   Skills:
 + Level 4.1(0.0) Fighting
 * Level 10.9(1.8) Long Blades
 + Level 4.1(0.0) Armour
 + Level 1.9(0.0) Dodging
 - Level 3.0(0.0) Shields
 + Level 2.2(0.0) Invocations


You had 7 spell levels left.
You didn't know any spells.

Dungeon Overview and Level Annotations

Branches:
Dungeon (6/15)             Temple (1/1) D:5

Altars:
Ashenzari
Cheibriados
Hepliaklqana
Nemelex Xobeh
Trog
Vehumet
The Shining One

Annotations:
D:5 bb


Innate Abilities, Weirdness & Mutations

You can swim through water.
You cover ground slowly.
You can hop short distances.


Message History

Cheibriados appreciates the change of pace.
Cheibriados raises the support of your attributes as your movement slows.
An ogre comes into view. It is wielding a giant spiked club.
The ogre shouts!
There is an escape hatch in the floor here.
Items here: )) [[ ††
Okay, then.
You feel much better.
You slash the ogre!
The ogre is moderately wounded.
The ogre hits you with a giant spiked club!
* * * LOW HITPOINT WARNING * * *
You slash the ogre!
The ogre is severely wounded.
The ogre hits you with a giant spiked club!
* * * LOW HITPOINT WARNING * * *
You slash the ogre!
The ogre is almost dead.
The ogre hits you with a giant spiked club!
You die...

.#.# ### #..... ..... .>.
#..... #.######..# ###.#
#....< ##.........# ...#
#.#### .....5.<#..# ..# #.#
.....####..# #.##.#.# .##
#..# .#....#.#
#..#####.##.####[#
#...@O....#......####
#.#####.#########.###..#...
........#########.# #..#.##
..#...............###..#.#
#.###.##..........[..#.# #
#....#.##########..#.#
#......# #..#.## ###..###
...#... #..o...........
.######


You could see an ogre.

Vanquished Creatures
  Grinder (D:3)
  Edmund (D:3)
  An ice beast (D:5)
  2 ogres
  A phantom (D:5)
  2 scorpions
  A crimson imp (D:5)
  A bullfrog zombie (D:5)
  4 hounds
  A centaur skeleton (D:5)
  3 orc priests
  7 orc wizards
  A worker ant (D:5)
  A worker ant zombie (D:5)
  6 gnolls
  3 adders
  2 shadow imps (D:5)
  3 oozes
  An adder zombie (D:6)
  3 adder skeletons (D:5)
  4 worms
  3 dart slugs
  5 leopard geckos
  15 orcs
  7 giant cockroaches
  8 goblins
  6 hobgoblins
  21 jackals
  4 kobolds
  4 quokkas
  A ball python (D:4)
  5 bats
  6 frilled lizards
  A leopard gecko zombie (D:5)
  4 rats
139 creatures vanquished.

Vanquished Creatures (others)
  An orc wizard (D:5)
1 creature vanquished.

Grand Total: 140 creatures vanquished

Notes
Turn   | Place    | Note
-------+----------+-------------------------------------------
     0 | D:1      | mopl the Barachian Fighter began the quest for the Orb.
     0 | D:1      | Reached XP level 1. HP: 18/18 MP: 1/1
    49 | D:1      | Reached XP level 2. HP: 12/24 MP: 2/2
    53 | D:1      | Reached skill level 3 in Long Blades
   441 | D:1      | Reached XP level 3. HP: 28/29 MP: 3/3
   563 | D:1      | Reached skill level 4 in Long Blades
   999 | D:2      | Found a faded altar of an unknown god.
  1041 | D:2      | Reached XP level 4. HP: 35/35 MP: 4/4
  1757 | D:3      | Reached skill level 5 in Long Blades
  2139 | D:3      | Noticed Grinder
  2483 | D:4      | Reached XP level 5. HP: 27/41 MP: 5/5
  2550 | D:4      | Reached skill level 6 in Long Blades
  2803 | D:4      | Noticed Edmund
  2804 | D:4      | Noticed an ogre
  2906 | D:3      | Reached XP level 6. HP: 12/47 MP: 6/6
  3242 | D:3      | Paralysed by Grinder for 3 turns
  3253 | D:3      | Paralysed by Grinder for 3 turns
  3261 | D:3      | Killed Grinder
  3261 | D:3      | Reached skill level 8 in Long Blades
  3261 | D:3      | Reached XP level 7. HP: 44/52 MP: 7/7
  3298 | D:3      | Killed Edmund
  3427 | D:4      | Reached skill level 9 in Long Blades
  4059 | D:5      | Entered Level 5 of the Dungeon
  4267 | D:5      | Reached XP level 8. HP: 26/58 MP: 8/8
  4279 | D:5      | Reached skill level 10 in Long Blades
  4623 | D:5      | Found a staircase to the Ecumenical Temple.
  4736 | Temple   | Entered the Ecumenical Temple
  4749 | Temple   | Became a worshipper of Cheibriados the Contemplative
  4860 | D:5      | Reached skill level 1 in Dodging
  5170 | D:5      | Found a hazy altar of Hepliaklqana.
  5281 | D:5      | Reached * piety under Cheibriados
  5497 | D:5      | Reached skill level 1 in Invocations
  5727 | D:4      | Reached skill level 4 in Fighting
  6127 | D:5      | HP: 3/60 [poisoned by a scorpion]
  6134 | D:5      | HP: 3/60 [poisoned by a scorpion]
  6139 | D:5      | HP: 3/60 [poisoned by a scorpion]
  6145 | D:5      | HP: 3/60 [poisoned by a scorpion]
  6151 | D:5      | HP: 3/60 [poisoned by a scorpion]
  6157 | D:5      | HP: 3/60 [poisoned by a scorpion]
  6614 | D:6      | Reached ** piety under Cheibriados
  6616 | D:6      | Reached skill level 4 in Armour
  6616 | D:6      | Reached skill level 2 in Invocations
  6908 | D:6      | Mangled by an ogre

Vault maps used:
D:1:      lemuel_arrival_funnel, lemuel_another_geyser
D:2:      chequers_ecumenical_altar_grove, kennysheep_cluttered_room
D:3:      corexii_leaking_fountain, uniq_grinder
D:4:      first_bread, serial_bayou_pond_e, minmay_distorted, uniq_edmund
D:5:      minmay_diamond_boxcup, lemuel_doored_altar, interstate_on_off
D:6:      lemuel_blue_sif_altar, kennysheep_mini_moat
Temple:   eino_temple_water

Skill      XL: |  1  2  3  4  5  6  7  8 |
---------------+-------------------------+-----
Long Blades    | 3 4 5 6 8 9 10 | 10.9
Dodging        | 1 |  1.9
Invocations    | 2 |  2.2
Fighting       | 4 |  4.1
Armour         | 4 |  4.1
Shields        | |  3.0

Action                   |  1- 3 |  4- 6 |  7- 9 || total
-------------------------+-------+-------+-------++-------
Melee: Long sword        |   112 |   270 |   641 ||  1023
       Dagger            |       |       |     7 ||     7
 Fire: Blowgun           |       |     5 |    22 ||    27
 Abil: Hop               |       |       |     2 ||     2
  Use: Potion            |       |     2 |     8 ||    10
       Scroll            |       |     5 |     1 ||     6
 Stab: Invisible         |       |       |     7 ||     7
  Eat: Chunk             |     1 |     8 |    10 ||    19
       Fruit             |       |       |     1 ||     1
Armor: Scale mail        |    50 |       |       ||    50
       Plate armour      |       |   262 |   550 ||   812
Dodge: Dodged            |    27 |    21 |    43 ||    91
Block: Shield            |    51 |   148 |   261 ||   460
       Rpst.: Long sword |    15 |     5 |    15 ||    35
